[Event "Titled Tuesday Blitz May 10 Late 2022"]
[White "Fawzy, Adham"]
[Black "Milosevic, Milos"]
[WhiteFideId "10613129"]
[BlackFideId "964875"]
[WhiteElo "2546"]
[BlackElo "2194"]
[Result "1-0"]
[Round "01"]
[TimeControl "180+1"]
[Date "2022.05.11"]
[WhiteClock "0:00:14"]
[BlackClock "0:01:15"]

1. e4 c6 2. d4 d5 3. exd5 cxd5 4. c4 Nf6 5. Nc3 Nc6 6. Bg5 e6 7. c5 Be7 8. Bb5 O-O 9. Nf3 h6 10. Bxf6 Bxf6 11. O-O Bd7 12. Re1 a6 13. Bxc6 Bxc6 14. b4 Rc8 15. a4 Re8 16. b5 axb5 17. axb5 Bd7 18. Qa4 Ra8 19. Qb4 Qc7 20. b6 Qf4 21. Ra7 Bc6 22. Rea1 Rac8 23. Ne2 Qf5 24. Ng3 Qg6 25. Qe1 h5 26. Ne5 Bxe5 27. Qxe5 h4 28. Ne2 Qf5 29. Qxf5 exf5 30. Nc3 g5 31. Kf1 g4 32. g3 hxg3 33. hxg3 Kg7 34. Re1 Rh8 35. Kg2 Kg6 36. Raa1 Kg5 37. Rh1 f6 38. Rae1 Rxh1 39. Rxh1 Re8 40. Rh7 Re1 41. Rh8 Rc1 42. Ne2 Re1 43. Nf4 Re4 44. Rg8+ Kh6 45. Rg6+ Kh7 46. Rxf6 Rxd4 47. Rxf5 Rc4 48. Rh5+ Kg7 49. Rg5+ Kf7 50. Rxg4 Rxc5 51. Rh4 Rb5 52. Rh7+ Kg8 53. Rc7 Rxb6 54. Kh3 Rb2 55. f3 d4 56. Kg4 Rb3 57. Kg5 Rxf3 58. g4 d3 59. Rc8+ Kf7 60. Rd8 Ke7 61. Rd4 b5 62. Nxd3 Bd7 63. Rxd7+ Kxd7 64. Ne5+ Kd6 65. Nxf3 b4 66. Nd2 Kd5 67. Kf4 Kd4 68. g5 Kc3 69. Ne4+ Kd4 70. g6 b3 71. g7 b2 72. Nd2 Kd3 73. Nb1 Kc2 74. g8=Q Kxb1 75. Qb3 Kc1 76. Qc3+ Kb1 77. Ke3 Ka2 78. Qa5+ Kb1 79. Kd3 1-0


[Site "https://www.chess.com"]

[Event "Titled Tuesday Blitz May 10 Late 2022"]
[White "Fedoseev, Vladimir"]
[Black "Zivkovic, Nemanja"]
[WhiteFideId "24130737"]
[BlackFideId "942154"]
[WhiteElo "2726"]
[BlackElo "2364"]
[Result "1-0"]
[Round "01"]
[TimeControl "180+1"]
[Date "2022.05.10"]
[WhiteClock "0:01:44"]
[BlackClock "0:00:40"]

1. e4 c5 2. Nf3 d6 3. Bc4 Nf6 4. d3 a6 5. O-O e6 6. a4 Be7 7. Re1 O-O 8. Bb3 b6 9. Nc3 Bb7 10. Bg5 Nbd7 11. Qd2 Rc8 12. h3 Qc7 13. Bf4 Ne5 14. Bxe5 dxe5 15. Nd1 Nh5 16. Ne3 Nf4 17. h4 Rfd8 18. Qc3 Bf6 19. Ng4 c4 20. Bxc4 b5 21. axb5 axb5 22. Bxb5 Qb6 23. Bc4 h5 24. Ne3 Ng6 25. g3 Ra8 26. b4 Be7 27. b5 Bc5 28. Kg2 Bd4 29. Nxd4 exd4 30. Qb2 dxe3 31. Rxa8 Rxa8 32. Rxe3 Ne5 33. Qxe5 1-0


[Site "https://www.chess.com"]

[Event "Titled Tuesday Blitz May 10 Late 2022"]
[White "Ferreira, Vitor Hugo Vieira"]
[Black "Melkumyan, Hrant"]
[WhiteFideId "2119765"]
[BlackFideId "13302485"]
[WhiteElo "2165"]
[BlackElo "2604"]
[Result "0-1"]
[Round "01"]
[TimeControl "180+1"]
[Date "2022.05.10"]
[WhiteClock "0:00:30"]
[BlackClock "0:00:47"]

1. d4 Nf6 2. c4 g6 3. Nc3 Bg7 4. e4 d6 5. f3 O-O 6. Be3 a6 7. Qd2 Nbd7 8. Bd3 c5 9. d5 b5 10. cxb5 Ne5 11. b6 Qxb6 12. Rb1 Bd7 13. b4 Nxd3+ 14. Qxd3 c4 15. Bxb6 cxd3 16. Bd4 Rfc8 17. Kd2 Nxe4+ 18. Nxe4 Bxd4 19. Kxd3 Bg7 20. Ne2 Bb5+ 21. Kd2 Bh6+ 22. f4 Rc4 23. N4c3 Bd7 24. g3 g5 25. Rhf1 gxf4 26. Nxf4 Rac8 27. Rb3 Bg7 28. Rf3 Bg4 29. Re3 Bd4 30. Rd3 Bf5 31. Rf3 Bg4 32. Rd3 Be5 33. a4 Bf5 34. Rf3 Rd4+ 35. Ke2 Bg4 36. Nd1 Bxf4 37. gxf4 Rxf4 38. b5 axb5 39. axb5 Rxf3 40. Rxf3 Rc5 41. Ne3 Bxf3+ 42. Kxf3 Rxb5 0-1


[Site "https://www.chess.com"]

[Event "Titled Tuesday Blitz May 10 Late 2022"]
[White "Girsh, Daniel"]
[Black "Abdrlauf, Elham"]
[WhiteFideId "30949190"]
[BlackFideId "1533533"]
[WhiteElo "2437"]
[BlackElo "2371"]
[Result "1-0"]
[Round "01"]
[TimeControl "180+1"]
[Date "2022.05.11"]
[WhiteClock "0:00:15"]
[BlackClock "0:00:04"]

1. e4 d6 2. d4 Nf6 3. Nc3 g6 4. Nf3 Bg7 5. h3 O-O 6. Be2 Nbd7 7. O-O e5 8. Be3 exd4 9. Nxd4 Re8 10. f3 d5 11. Bg5 h6 12. Bh4 c5 13. Ndb5 Qb6 14. Nxd5 Nxd5 15. Qxd5 Nf6 16. Qd6 Nxe4 17. Qxb6 axb6 18. Nc7 Bd7 19. fxe4 Rxe4 20. Bf3 Rxh4 21. Nxa8 Be6 22. Nxb6 Rb4 23. Nd5 Rxb2 24. Rab1 Rxa2 25. Rxb7 Rxc2 26. Rd1 Bd4+ 27. Kh1 Rf2 28. Nc7 Bxh3 29. gxh3 Rxf3 30. Kg2 Rf5 31. Nb5 Rg5+ 32. Kf3 Rf5+ 33. Kg2 Be5 34. Rd5 Rg5+ 35. Kh1 Rh5 36. Kg2 Rg5+ 37. Kf3 Rg3+ 38. Ke4 Bf6 39. Rd6 Bg7 40. Rd8+ Kh7 41. Rxf7 Rg1 42. Rdd7 Re1+ 43. Kf3 Rf1+ 44. Kg2 Rxf7 45. Rxf7 g5 46. Rc7 c4 47. Rxc4 Kg6 48. Rc6+ Kf5 49. Nd6+ Ke5 50. Ne8 Bf8 51. Rf6 Ba3 52. Rxh6 Kf5 53. Ng7+ Ke4 54. Rg6 Bc1 55. Kg3 Ke5 56. Kg4 Bd2 57. Ne6 Kd6 58. Nxg5+ Ke7 59. Ne4 Kf7 60. Rc6 Be3 61. h4 1-0


[Site "https://www.chess.com"]

[Event "Titled Tuesday Blitz May 10 Late 2022"]
[White "Gomez Dieguez, David"]
[Black "Izzat, Kanan"]
[WhiteFideId "22223630"]
[BlackFideId "13405209"]
[WhiteElo "2115"]
[BlackElo "2362"]
[Result "0-1"]
[Round "01"]
[TimeControl "180+1"]
[Date "2022.05.11"]
[WhiteClock "0:00:15"]
[BlackClock "0:00:48"]

1. c4 e6 2. Nf3 d5 3. e3 Nf6 4. Nc3 c6 5. b3 Nbd7 6. Bb2 b6 7. d4 Bb7 8. Be2 Bd6 9. O-O O-O 10. Qc2 Rc8 11. Rad1 c5 12. dxc5 Nxc5 13. Qb1 Qe7 14. Rfe1 dxc4 15. Bxc4 Bxf3 16. gxf3 Nh5 17. Kh1 Bb8 18. Bf1 Qh4 19. f4 Nxf4 20. exf4 Qxf4 21. Kg2 Qxh2+ 22. Kf3 Qh5+ 23. Kg2 Qg4+ 24. Kh1 Rfd8 25. Re3 Qf4 26. Rg3 g6 27. Ne4 Nxe4 28. Rxd8+ Rxd8 29. Bc1 Nxf2+ 30. Kg2 Qxg3# 0-1


[Site "https://www.chess.com"]

[Event "Titled Tuesday Blitz May 10 Late 2022"]
[White "Gutierrez Olivares, Daniel"]
[Black "Leiva, Gianmarco"]
[WhiteFideId "2264005"]
[BlackFideId "3804399"]
[WhiteElo "2317"]
[BlackElo "2323"]
[Result "0-1"]
[Round "01"]
[TimeControl "180+1"]
[Date "2022.05.11"]
[WhiteClock "0:00:27"]
[BlackClock "0:00:27"]

1. Nf3 Nf6 2. g3 g6 3. Bg2 Bg7 4. d3 O-O 5. Nbd2 d5 6. O-O c5 7. e4 Nc6 8. a4 b6 9. Re1 e5 10. h3 h6 11. c3 Be6 12. Qc2 Qc7 13. exd5 Nxd5 14. Nc4 Rfe8 15. Nfd2 Rad8 16. Na3 Qd7 17. Nb5 Bxh3 18. Nc4 Bxg2 19. Kxg2 Re6 20. a5 a6 21. Nba3 b5 22. Nd2 Nxa5 23. Ne4 Qc7 24. Nb1 c4 25. dxc4 Nxc4 26. Na3 Nxa3 27. Rxa3 f5 28. Nd2 Kh7 29. Qb1 Qc6 30. Kg1 e4 31. Nf1 Bf8 32. Ra2 Bc5 33. Qa1 Nf6 34. Be3 Ng4 35. Bxc5 Qxc5 36. b4 Qb6 37. Ree2 Rd3 38. Kg2 Qc6 39. Ne3 Nxe3+ 40. Rxe3 Rxe3 41. fxe3 Rd6 42. Kh3 g5 43. Qf1 Kg6 44. g4 fxg4+ 45. Kxg4 Rf6 46. Qd1 Rf3 0-1


[Site "https://www.chess.com"]

[Event "Titled Tuesday Blitz May 10 Late 2022"]
[White "Hakobyan, Aram"]
[Black "Obrien, Matthew"]
[WhiteFideId "13306677"]
[BlackFideId "2059150"]
[WhiteElo "2557"]
[BlackElo "2527"]
[Result "1-0"]
[Round "01"]
[TimeControl "180+1"]
[Date "2022.05.10"]
[WhiteClock "0:01:29"]
[BlackClock "0:00:03"]

1. d4 Nf6 2. c4 e6 3. a3 c5 4. d5 exd5 5. cxd5 d6 6. Nc3 g6 7. e4 Bg7 8. Nf3 O-O 9. Be2 a6 10. a4 Re8 11. Nd2 Nbd7 12. O-O b6 13. f3 Nh5 14. Nc4 Bd4+ 15. Kh1 Qh4 16. Qe1 Qe7 17. f4 Ndf6 18. Bf3 Bf5 19. e5 Ng4 20. Nxd6 Qxd6 21. Bxg4 Bxg4 22. exd6 Rxe1 23. Rxe1 Rd8 24. Be3 Rxd6 25. h3 Bd7 26. g4 Nf6 27. Rad1 Bxc3 28. bxc3 Rxd5 29. a5 Bc6 30. Kg1 bxa5 31. Rxd5 Nxd5 32. Bxc5 Nxc3 33. Re7 a4 34. Rc7 Bb5 35. Rc8+ Kg7 36. Bd4+ 1-0


[Site "https://www.chess.com"]

[Event "Titled Tuesday Blitz May 10 Late 2022"]
[White "Hansen, Eric"]
[Black "Hamley, Ryan"]
[WhiteFideId "2606771"]
[BlackFideId "30959497"]
[WhiteElo "2568"]
[BlackElo "2503"]
[Result "1-0"]
[Round "01"]
[TimeControl "180+1"]
[Date "2022.05.10"]
[WhiteClock "0:01:01"]
[BlackClock "0:00:02"]

1. e4 c6 2. Nc3 d5 3. Nf3 dxe4 4. Nxe4 Nf6 5. d3 Bg4 6. Be2 Nbd7 7. Bf4 Nxe4 8. dxe4 Nf6 9. Nd2 Bxe2 10. Qxe2 e6 11. O-O-O Qa5 12. Kb1 b5 13. g4 Be7 14. g5 Nd7 15. e5 Nc5 16. Be3 O-O 17. Bxc5 Bxc5 18. Ne4 Qb6 19. Rd3 Bd4 20. Nf6+ gxf6 21. gxf6 Rfd8 22. Rg1+ Kf8 23. Qh5 Bxe5 24. Qh6+ Ke8 25. Rg8# 1-0


[Site "https://www.chess.com"]

[Event "Titled Tuesday Blitz May 10 Late 2022"]
[White "Hardaway, Brewington"]
[Black "Sloan, Julia Elizabeth"]
[WhiteFideId "30941849"]
[BlackFideId "2018950"]
[WhiteElo "1768"]
[BlackElo "2113"]
[Result "1-0"]
[Round "01"]
[TimeControl "180+1"]
[Date "2022.05.11"]
[WhiteClock "0:01:43"]
[BlackClock "0:01:40"]

1. Nf3 c5 2. e3 Nc6 3. b3 d6 4. Bb2 e5 5. d4 cxd4 6. exd4 e4 7. Nfd2 Nf6 8. c4 Bf5 9. d5 Ne5 10. Na3 a6 11. Be2 Be7 12. O-O O-O 13. Nc2 Nd3 14. Bxd3 exd3 15. Ne3 Bg6 16. f4 h6 17. f5 Bh7 18. Nf3 b5 19. Nd4 bxc4 20. bxc4 Ne4 21. Nc6 Qc7 22. Qg4 Bf6 23. Qxe4 Bxb2 24. Rab1 Ba3 25. Qxd3 Bc5 26. Kh1 Rae8 27. Ng4 h5 28. Nf2 g6 29. Ne4 f6 30. Qg3 g5 31. Nxc5 1-0


[Site "https://www.chess.com"]

[Event "Titled Tuesday Blitz May 10 Late 2022"]
[White "Hnydiuk, Aleksander"]
[Black "Can, Melih Kaan"]
[WhiteFideId "1109057"]
[BlackFideId "6317383"]
[WhiteElo "2374"]
[BlackElo "2049"]
[Result "0-1"]
[Round "01"]
[TimeControl "180+1"]
[Date "2022.05.11"]
[WhiteClock "0:00:05"]
[BlackClock "0:00:04"]

1. d4 d5 2. c4 c6 3. cxd5 cxd5 4. Nc3 Nf6 5. Bf4 Nc6 6. e3 e6 7. Bd3 Bd6 8. Bxd6 Qxd6 9. f4 Bd7 10. Nf3 O-O 11. O-O a6 12. Ne5 Rac8 13. Qf3 b5 14. a3 Na5 15. Rac1 Nc4 16. Qe2 Rc7 17. Na2 Rfc8 18. Rc2 a5 19. Rfc1 h6 20. Qe1 Qb6 21. h3 Be8 22. Kh2 Nd6 23. Rxc7 Rxc7 24. Rxc7 Qxc7 25. Qc3 Qxc3 26. Nxc3 b4 27. axb4 axb4 28. Na2 b3 29. Nc1 Ba4 30. Kg1 Nfe4 31. Kf1 Kf8 32. Ke2 Ke7 33. Nf3 Nc4 34. Bxe4 dxe4 35. Nd2 Nxb2 36. Ncxb3 Bb5+ 37. Kf2 Nd1+ 38. Kg3 f5 39. Nc5 Nxe3 40. Kf2 Nd5 41. Kg3 g5 42. fxg5 hxg5 43. h4 f4+ 44. Kg4 e3 45. Nf3 gxh4 46. Kxh4 Bf1 47. g3 Kf6 48. gxf4 Kf5 49. Kg3 Nxf4 50. Nd7 Bc4 51. Nh4+ Ke4 52. Nf6+ Kxd4 53. Kxf4 e5+ 54. Kg3 Kd3 55. Nf3 e4 56. Nxe4 Kxe4 57. Ne1 Bd5 58. Ng2 e2 59. Kf2 Kd3 60. Ne1+ Kd2 61. Nc2 Be4 62. Ne1 Kd1 0-1


[Site "https://www.chess.com"]

[Event "Titled Tuesday Blitz May 10 Late 2022"]
[White "Holt, Conrad"]
[Black "Derraugh, Geordie"]
[WhiteFideId "2034387"]
[BlackFideId "2603950"]
[WhiteElo "2586"]
[BlackElo "2116"]
[Result "1-0"]
[Round "01"]
[TimeControl "180+1"]
[Date "2022.05.10"]
[WhiteClock "0:01:14"]
[BlackClock "0:00:14"]

1. d4 Nf6 2. c4 g6 3. Nc3 d5 4. e3 Bg7 5. Qb3 dxc4 6. Bxc4 O-O 7. Nf3 Nc6 8. Ne5 Nxe5 9. dxe5 Ng4 10. f4 c6 11. O-O b5 12. Be2 Qb6 13. Ne4 Be6 14. Qc3 b4 15. Qc5 f5 16. Bxg4 fxg4 17. Qxe7 Rae8 18. Qh4 Bf5 19. Nd6 Rd8 20. Nxf5 gxf5 21. h3 gxh3 22. Qxh3 Kh8 23. Kh2 Rg8 24. Rf2 Rdf8 25. Bd2 a5 26. Rh1 Qd8 27. Kg1 h6 28. Qf3 Qd3 29. Kh2 Qc4 30. b3 Qe6 31. Rc1 Rc8 32. Rc5 Rgd8 33. Rxa5 Rd5 34. Rxd5 cxd5 35. Bxb4 Qb6 36. Bd6 d4 37. exd4 Qxd4 38. Ba3 Rc3 39. Bb2 Rxf3 40. Bxd4 1-0


[Site "https://www.chess.com"]

[Event "Titled Tuesday Blitz May 10 Late 2022"]
[White "Horcajuelo Rocamora, Martin"]
[Black "Koellner, Ruben Gideon"]
[WhiteFideId "24573027"]
[BlackFideId "12993093"]
[WhiteElo "1822"]
[BlackElo "2616"]
[Result "0-1"]
[Round "01"]
[TimeControl "180+1"]
[Date "2022.05.11"]
[WhiteClock "0:01:43"]
[BlackClock "0:01:09"]

1. e4 d6 2. d4 Nf6 3. Nc3 e5 4. dxe5 dxe5 5. Qxd8+ Kxd8 6. Bc4 Be6 7. Bxe6 fxe6 8. Nf3 Bd6 9. Bg5 Ke7 10. O-O-O a6 11. Be3 b5 12. Nd2 Nbd7 13. f3 Rhb8 14. g4 a5 15. h4 a4 16. Ne2 Rf8 17. Ng3 c5 18. Rh2 c4 19. c3 Bc5 20. Bxc5+ Nxc5 21. Kc2 Nfd7 22. Nh5 g6 23. Ng3 a3 24. b3 cxb3+ 25. Nxb3 Nxb3 26. Kxb3 Rxf3 27. Rg2 Ra4 28. h5 Nc5+ 29. Kc2 Rc4 30. Ne2 Nxe4 31. Rd3 Rxd3 32. Kxd3 Nf6 33. hxg6 hxg6 34. g5 Nd5 35. Rh2 Rg4 36. Rh7+ Kd6 37. Ra7 b4 38. c4 Nf4+ 39. Nxf4 exf4 40. Ke4 f3+ 41. Kxf3 Rxc4 0-1


[Site "https://www.chess.com"]

[Event "Titled Tuesday Blitz May 10 Late 2022"]
[White "Jacobson, Brandon"]
[Black "Song, Michael"]
[WhiteFideId "30901561"]
[BlackFideId "2613190"]
[WhiteElo "2362"]
[BlackElo "2274"]
[Result "1-0"]
[Round "01"]
[TimeControl "180+1"]
[Date "2022.05.10"]
[WhiteClock "0:01:55"]
[BlackClock "0:01:10"]

1. Nf3 f5 2. d3 Nc6 3. d4 e6 4. c4 Nf6 5. Nc3 Bb4 6. Bd2 d6 7. g3 O-O 8. Bg2 Bxc3 9. Bxc3 Ne4 10. Rc1 Qe7 11. d5 Nxc3 12. Rxc3 Ne5 13. O-O Nxf3+ 14. exf3 e5 15. c5 f4 16. Qb3 b6 17. cxd6 cxd6 18. Rfc1 Ba6 19. Bh3 Qf6 20. Be6+ Kh8 21. Qa3 Be2 22. Re1 Bb5 23. Qxd6 fxg3 24. hxg3 e4 25. Rxe4 Be8 26. Rf4 1-0


[Site "https://www.chess.com"]

[Event "Titled Tuesday Blitz May 10 Late 2022"]
[White "Jakubowski, Krzysztof"]
[Black "Ladan, Nicholas"]
[WhiteFideId "1112848"]
[BlackFideId "30918855"]
[WhiteElo "2365"]
[BlackElo "2167"]
[Result "1-0"]
[Round "01"]
[TimeControl "180+1"]
[Date "2022.05.11"]
[WhiteClock "0:00:11"]
[BlackClock "0:00:05"]

1. e4 e5 2. Nf3 Nc6 3. Bc4 Nf6 4. Ng5 d5 5. exd5 Na5 6. Bb5+ c6 7. dxc6 bxc6 8. Bd3 Nd5 9. h4 Qc7 10. Nc3 Nf4 11. Bf1 h6 12. Nf3 Bc5 13. Ne4 Bb6 14. b4 Nb7 15. Bb2 O-O 16. g3 f5 17. Bxe5 Re8 18. Bxc7 Rxe4+ 19. Be2 Nxe2 20. Bxb6 Nc3+ 21. Be3 Nxd1 22. Kxd1 Rxb4 23. Kc1 a5 24. Re1 a4 25. a3 Re4 26. d3 Re8 27. Rb1 Nd6 28. Rb6 Bd7 29. Kd2 Nb5 30. Bc5 Rxe1 31. Kxe1 Re8+ 32. Kd2 Kf7 33. c4 Nc7 34. Rb7 Rc8 35. Bb6 Na8 36. Rxd7+ Ke6 37. Rb7 f4 38. Bd4 Kf5 39. Rf7+ Kg4 40. Ne5+ Kh3 41. Rxf4 c5 42. Be3 Nb6 43. Rf7 g5 44. hxg5 hxg5 45. Bxg5 Kg2 46. Be3 Re8 47. Nd7 Nc8 48. Nxc5 Nd6 49. Kc3 Rd8 50. Rd7 Rxd7 51. Nxd7 Nf7 52. c5 Nd8 53. Kc4 Nc6 54. Kb5 Nd8 55. c6 Kf3 56. c7 Nb7 57. Kc6 Na5+ 58. Kb6 Nc4+ 59. dxc4 1-0


[Site "https://www.chess.com"]

[Event "Titled Tuesday Blitz May 10 Late 2022"]
[White "Jarovinsky, Alexey"]
[Black "Zhou, Qiyu"]
[WhiteFideId "14115131"]
[BlackFideId "505161"]
[WhiteElo "2446"]
[BlackElo "1925"]
[Result "0-1"]
[Round "01"]
[TimeControl "180+1"]
[Date "2022.05.11"]
[WhiteClock "0:00:14"]
[BlackClock "0:00:07"]

1. Nc3 d5 2. e4 d4 3. Nce2 e5 4. Ng3 Nf6 5. Bc4 Be7 6. Nf3 Nc6 7. d3 h6 8. O-O O-O 9. a3 Be6 10. b3 Qd7 11. Bd2 a6 12. a4 Nh7 13. h3 Ng5 14. Nxg5 Bxg5 15. Bxg5 hxg5 16. Qh5 f6 17. h4 gxh4 18. Nf5 Bxc4 19. bxc4 Qf7 20. Qg4 Kh7 21. Qxh4+ Kg8 22. g3 Qg6 23. Kg2 Kf7 24. Rh1 Ne7 25. Nxe7 Kxe7 26. Qh7 Kf7 27. Qh3 Ke7 28. Rab1 b6 29. c5 Rab8 30. cxb6 Rxb6 31. a5 Rb5 32. Rxb5 axb5 33. a6 Ra8 34. Ra1 Qf7 35. a7 Kd6 36. Ra6+ c6 37. f4 Rxa7 38. Rb6 Ra2 39. Qc8 Rxc2+ 40. Kf1 Rc1+ 41. Kf2 Qa2+ 42. Kf3 Rf1+ 43. Kg4 Qe2+ 0-1


[Site "https://www.chess.com"]

[Event "Titled Tuesday Blitz May 10 Late 2022"]
[White "Jeet, Jain"]
[Black "Sadhwani, Raunak"]
[WhiteFideId "5073022"]
[BlackFideId "35093487"]
[WhiteElo "2028"]
[BlackElo "2616"]
[Result "1/2-1/2"]
[Round "01"]
[TimeControl "180+1"]
[Date "2022.05.10"]
[WhiteClock "0:00:44"]
[BlackClock "0:00:08"]

1. Nf3 Nf6 2. b3 g6 3. Bb2 Bg7 4. e3 O-O 5. c4 d6 6. d4 e5 7. dxe5 Nfd7 8. Be2 Nc6 9. O-O Ndxe5 10. Nxe5 Nxe5 11. Nc3 Be6 12. Qd2 Qe7 13. Nd5 Bxd5 14. cxd5 f5 15. Bxe5 Bxe5 16. Rac1 Rf7 17. g3 h5 18. Rc4 a5 19. a4 Qd8 20. f4 Bg7 21. e4 fxe4 22. Rxe4 Re7 23. Qe3 Rxe4 24. Qxe4 Qf6 25. Bd3 Qd4+ 26. Qxd4 Bxd4+ 27. Kg2 Kf7 28. Re1 Rg8 29. h4 Bf6 30. Rc1 Bd8 31. Re1 Bf6 32. Rc1 Bd8 33. Re1 Kg7 34. Kf3 Rf8 35. Re6 Bf6 36. Re1 c6 37. dxc6 bxc6 38. Rc1 Rc8 39. Be4 c5 40. Rd1 Bd4 41. Re1 Re8 42. Re2 Kf6 43. Bd5 Rxe2 44. Kxe2 Bc3 45. Kf3 Be1 46. Bc4 Bc3 47. Bd5 Be1 48. Bc4 Bd2 49. Bd5 Be1 1/2-1/2


[Site "https://www.chess.com"]

[Event "Titled Tuesday Blitz May 10 Late 2022"]
[White "Jegorovas, Aleksandras"]
[Black "Stremavicius, Titas"]
[WhiteFideId "12801950"]
[BlackFideId "12804444"]
[WhiteElo "2247"]
[BlackElo "2404"]
[Result "0-1"]
[Round "01"]
[TimeControl "180+1"]
[Date "2022.05.10"]
[WhiteClock "0:00:01"]
[BlackClock "0:01:12"]

1. Nf3 f5 2. g3 Nf6 3. Bg2 e6 4. O-O Be7 5. c4 d5 6. d4 Ne4 7. b3 Nc6 8. Ba3 Bf6 9. e3 h5 10. Nbd2 h4 11. Rc1 a5 12. cxd5 exd5 13. Nxe4 fxe4 14. Ne5 Nxe5 15. dxe5 Bxe5 16. f3 hxg3 17. fxe4 Qh4 18. h3 Be6 19. exd5 Bxh3 20. d6 Bxg2 21. d7+ Kd8 22. Kxg2 Qh3+ 23. Kf3 g2+ 24. Ke4 gxf1=Q 25. Be7+ Kxe7 26. d8=Q+ Raxd8 27. Rxc7+ Bxc7 28. Qd7+ Rxd7 0-1


[Site "https://www.chess.com"]

[Event "Titled Tuesday Blitz May 10 Late 2022"]
[White "Jobava, Baadur"]
[Black "Vusatiuk, Vladimir"]
[WhiteFideId "13601520"]
[BlackFideId "14118610"]
[WhiteElo "2617"]
[BlackElo "2157"]
[Result "1-0"]
[Round "01"]
[TimeControl "180+1"]
[Date "2022.05.10"]
[WhiteClock "0:01:27"]
[BlackClock "0:00:02"]

1. b3 d5 2. Bb2 c5 3. g3 Nc6 4. Bg2 Nf6 5. c4 e6 6. Nf3 Be7 7. cxd5 exd5 8. O-O O-O 9. d4 Bg4 10. Nbd2 cxd4 11. Nxd4 Re8 12. h3 Bh5 13. Nf5 Bc5 14. g4 Bg6 15. Rc1 Bb6 16. Nxg7 Kxg7 17. g5 d4 18. gxf6+ Qxf6 19. Nc4 Rad8 20. Nxb6 axb6 21. e3 Qg5 22. Qg4 Qxg4 23. hxg4 Be4 24. Rfd1 Kg6 25. f3 Bd5 26. Bxd4 Nxd4 27. Rxd4 Bc6 28. Kf2 Rxd4 29. exd4 b5 30. Bf1 Ra8 31. Rc2 Kg5 32. Bd3 Kf4 33. Be2 f5 34. gxf5 Kxf5 35. Rc5+ Kg6 36. Bd3+ Kg7 37. d5 Rxa2+ 38. Ke3 Be8 39. Rc7+ Kf6 40. Kd4 h5 41. Rxb7 Rf2 42. Rb6+ Ke7 43. Be4 Rb2 44. Ke5 Rxb3 45. d6+ Kd8 46. Rb8+ Kd7 47. Bf5+ Kc6 48. Rc8+ Kb7 49. Rxe8 Re3+ 50. Be4+ 1-0


[Site "https://www.chess.com"]

[Event "Titled Tuesday Blitz May 10 Late 2022"]
[White "Kaganskiy, Gleb"]
[Black "Suder, Jakub"]
[WhiteFideId "4132025"]
[BlackFideId "1195310"]
[WhiteElo "2165"]
[BlackElo "2058"]
[Result "0-1"]
[Round "01"]
[TimeControl "180+1"]
[Date "2022.05.11"]
[WhiteClock "0:00:53"]
[BlackClock "0:01:41"]

1. e4 c5 2. c3 Nf6 3. e5 Nd5 4. d4 cxd4 5. cxd4 e6 6. Nf3 d6 7. Bc4 Nb6 8. Bd3 Bd7 9. O-O Bc6 10. Qe2 N8d7 11. Nc3 Rc8 12. Bf4 dxe5 13. dxe5 Nc5 14. Bc2 Nd5 15. Nxd5 Bxd5 16. Rfd1 Be7 17. Rac1 O-O 18. b4 Nd7 19. a3 Rc4 20. Bg3 Qc8 21. Qd3 g6 22. Nd2 Rc3 23. Bb1 Rxc1 24. Rxc1 Qxc1+ 25. Nf1 Bc4 26. Qxg6+ hxg6 0-1


[Site "https://www.chess.com"]

[Event "Titled Tuesday Blitz May 10 Late 2022"]
[White "Kalajzic, Ivan"]
[Black "Demchenko, Anton"]
[WhiteFideId "14506378"]
[BlackFideId "4160258"]
[WhiteElo "2163"]
[BlackElo "2539"]
[Result "0-1"]
[Round "01"]
[TimeControl "180+1"]
[Date "2022.05.11"]
[WhiteClock "0:00:01"]
[BlackClock "0:00:07"]

1. d4 Nf6 2. Nc3 d5 3. Bg5 h6 4. Bh4 c6 5. e3 Qb6 6. Rb1 Bf5 7. Bd3 Bxd3 8. cxd3 Nbd7 9. Nge2 e6 10. O-O Be7 11. b4 O-O 12. b5 c5 13. Na4 Qd8 14. dxc5 Nxc5 15. Nxc5 Bxc5 16. d4 Be7 17. Bxf6 Bxf6 18. Nf4 Qa5 19. Qb3 Rfc8 20. Rfc1 Be7 21. Nd3 Ba3 22. Rc2 Rxc2 23. Qxc2 Qd8 24. Qb3 Qe7 25. g3 Rc8 26. Kg2 g6 27. h4 Kg7 28. Rd1 f6 29. Rd2 g5 30. hxg5 hxg5 31. Rc2 Rxc2 32. Qxc2 Bd6 33. Qc8 b6 34. f4 gxf4 35. gxf4 Qf7 36. Kf2 Kg6 37. Ne1 e5 38. Qg4+ Kh7 39. Nf3 exf4 40. exf4 Qe8 41. Qf5+ Kg7 42. Nh4 Bc7 43. Qxd5 Bxf4 44. Nf5+ Kg6 45. Nh4+ Kg7 46. Qb7+ Kh6 47. Ng2 Bg5 48. Qf3 Qxb5 49. Qh3+ Kg6 50. Qh8 Qb2+ 51. Kg1 Qa1+ 52. Kh2 Qxd4 53. Qg8+ Kf5 54. Qc8+ Ke5 55. Qe8+ Kd5 56. Qd7+ Kc5 0-1


[Site "https://www.chess.com"]

[Event "Titled Tuesday Blitz May 10 Late 2022"]
[White "Kamsky, Gata"]
[Black "Atanejhad, Sahebali"]
[WhiteFideId "2000024"]
[BlackFideId "12506664"]
[WhiteElo "2645"]
[BlackElo "1953"]
[Result "1-0"]
[Round "01"]
[TimeControl "180+1"]
[Date "2022.05.11"]
[WhiteClock "0:01:01"]
[BlackClock "0:00:03"]

1. e4 c5 2. Nf3 g6 3. c4 Nc6 4. d4 cxd4 5. Nxd4 Nf6 6. Nc3 Nxd4 7. Qxd4 d6 8. Be2 Bg7 9. O-O O-O 10. Qe3 Be6 11. Bd2 Ng4 12. Bxg4 Bxg4 13. Qg3 Be6 14. b3 a6 15. a4 Rc8 16. Rab1 Qa5 17. Rfd1 Qe5 18. Qxe5 Bxe5 19. a5 Rc5 20. Ra1 Rfc8 21. Ra2 h5 22. Na4 R5c6 23. Nb6 Re8 24. Be3 f5 25. exf5 gxf5 26. f4 Bf6 27. Bd4 Kf7 28. Bxf6 Kxf6 29. Kf2 Bf7 30. Rad2 Rg8 31. g3 h4 32. Re1 hxg3+ 33. hxg3 Rc7 34. Rh1 Kg7 35. Re2 Re8 36. Ke3 Rc5 37. b4 Rc7 38. Kd4 Rh8 39. Rxh8 Kxh8 40. Nd5 Bxd5 41. Kxd5 Kg7 42. Re6 Kf7 43. Rh6 e6+ 44. Kd4 Rc6 45. Rh7+ Kf6 46. Rxb7 e5+ 47. Kd5 Rc8 48. Rb6 e4 49. Rxa6 Kf7 50. Kd4 Re8 51. Ra7+ Kf6 52. Rh7 e3 53. Rh6+ Kf7 54. Rh1 e2 55. Re1 Rb8 56. b5 Re8 57. Kd3 Re4 58. Rxe2 Rxe2 59. Kxe2 Ke7 60. a6 1-0


[Site "https://www.chess.com"]

[Event "Titled Tuesday Blitz May 10 Late 2022"]
[White "Kanyamarala, Tarun"]
[Black "Terry, Renato"]
[WhiteFideId "45004714"]
[BlackFideId "3803457"]
[WhiteElo "2219"]
[BlackElo "2577"]
[Result "0-1"]
[Round "01"]
[TimeControl "180+1"]
[Date "2022.05.10"]
[WhiteClock "0:00:02"]
[BlackClock "0:00:04"]

1. d4 e6 2. Nf3 Nf6 3. Bf4 b6 4. e3 Bb7 5. Bd3 Bd6 6. Bxd6 cxd6 7. c4 d5 8. Nc3 dxc4 9. Bxc4 O-O 10. Bd3 d5 11. O-O Ne4 12. Nd2 f5 13. f3 Nd6 14. Qe2 Nc6 15. Nb3 Qf6 16. Qf2 Nb4 17. Be2 Rac8 18. a3 Nc6 19. Bd3 Kh8 20. Rae1 Qh6 21. Qg3 Rcd8 22. Ne2 Qxe3+ 23. Kh1 Qxd3 24. Nf4 Qxb3 25. Nxe6 Rg8 26. Nxd8 Nxd8 27. Qxd6 Qxb2 28. Qd7 Bc6 29. Qxa7 Qxd4 30. Rd1 Qc5 31. Rc1 Qa5 32. Qe7 h6 33. Qd6 Bb5 34. Rfe1 Bc4 35. h3 Qc5 36. Qg6 Qc6 37. Qxf5 Qd6 38. Red1 Rf8 39. Qg4 Qxa3 40. Ra1 Qb2 41. Rab1 Qf6 42. Qg3 b5 43. Ra1 Ne6 44. Ra7 Nf4 45. Re1 b4 46. Ree7 Nh5 47. Qg4 Qg5 48. Qd7 b3 49. Rb7 b2 50. Rxb2 Qc1+ 51. Kh2 Qxb2 52. Qd6 Qf6 53. Re6 Qf4+ 0-1


[Site "https://www.chess.com"]